 Dungeon Crawl Stone Soup version 0.17-a0-1583-g2df49ec (webtiles) character file.

12618 Goblin1989 the Cruncher (level 11, -1/72 HPs)
             Began as a Gargoyle Gladiator on July 28, 2015.
             Was an Elder of Ashenzari.
             Slain by a five-headed hydra (9 damage)
             ... on level 3 of the Lair of Beasts.
             The game lasted 00:52:46 (13659 turns).

Goblin1989 the Cruncher (Gargoyle Gladiator)       Turns: 13659, Time: 00:52:48

Health: -1/72      AC: 19    Str: 18    XL:     11   Next: 96%
Magic:  12/12      EV: 18    Int: 10    God:    Ashenzari [****..]
Gold:   616        SH:  0    Dex: 16    Spells: 0 memorised, 10 levels left

rFire  . . .     SeeInvis +     a - +0 quarterstaff (curse)
rCold  . . .     Clarity  +     s - +1 ring mail (curse)
rNeg   + . .     SustAt   .     (no shield)
rPois  ∞         Gourm    .     c - +0 helmet (curse)
rElec  +         Spirit   .     F - +0 cloak (curse)
rCorr  .         Warding  .     (no gloves)
rMut   .         Stasis   .     f - +0 pair of boots (curse)
MR     .....                    (no amulet)
Stlth  +.........               Q - +1 ring of slaying (curse)
                                k - +3 ring of dexterity (curse)

@: not resistant to hostile enchantments, very unstealthy
A: negative energy resistance 1, electricity resistance, unbreathing,
petrification resistance, rot immunity, AC +7
a: Scrying, Renounce Religion


You were on level 3 of the Lair of Beasts.
You worshipped Ashenzari.
Ashenzari was greatly pleased with you.
You were hungry.

You visited 3 branches of the dungeon, and saw 14 of its levels.

You collected 816 gold pieces.
You spent 200 gold pieces at shops.

Inventory:

Hand weapons
 a - a cursed +0 quarterstaff (weapon)
Missiles
 i - 32 tomahawks (quivered)
 R - a throwing net
Armour
 c - a cursed +0 helmet (worn)
 f - a cursed +0 pair of boots (worn)
 s - a cursed +1 ring mail (worn)
 F - a cursed +0 cloak (worn)
Jewellery
 k - a cursed +3 ring of dexterity (left hand)
 Q - a cursed +1 ring of slaying (right hand)
 S - an uncursed ring of protection from fire
Magical devices
 m - a wand of flame (26)
 y - a wand of magic darts (23)
 E - a wand of random effects (26)
 J - a wand of frost (7)
 L - a wand of disintegration (8)
Scrolls
 b - 3 scrolls of amnesia
 e - 8 scrolls of remove curse
 g - 2 scrolls of curse jewellery
 h - 3 scrolls of random uselessness {unknown}
 j - 3 scrolls of magic mapping
 l - 4 scrolls of enchant armour
 n - a scroll of recharging
 p - 2 scrolls of fear {unknown}
 r - 11 scrolls of identify {unknown}
 u - 6 scrolls of enchant weapon {unknown}
 w - 4 scrolls of teleportation {unknown}
 C - a scroll of fog {unknown}
 H - a scroll of blinking {unknown}
 N - a scroll of immolation {unknown}
 P - a scroll of vulnerability {unknown}
 U - a scroll of summoning {unknown}
Potions
 o - a potion of resistance {unknown}
 t - 3 potions of might {unknown}
 v - a potion of cure mutation {unknown}
 x - 2 potions of agility {unknown}
 z - a potion of berserk rage {unknown}
 A - 3 potions of ambrosia {unknown}
 B - a potion of flight {unknown}
 G - a potion of invisibility {unknown}
 K - 2 potions of brilliance {unknown}
 M - a potion of mutation {unknown}
 O - 3 potions of curing {unknown}
 V - a potion of experience {unknown}
Miscellaneous
 D - a disc of storms
Comestibles
 d - 2 bread rations
 q - 6 meat rations
 I - a beef jerky
 T - 6 fruits


   Skills:
 - Level 10.0 Fighting
 - Level 10.2(14.5) Staves
 - Level 6.7 Throwing
 - Level 5.0(7.2) Armour
 - Level 9.4(11.5) Dodging
 + Level 1.3(2.8) Evocations


You had 10 spell levels left.
You didn't know any spells.

Dungeon Overview and Level Annotations

Branches:
Dungeon (10/15)            Temple (1/1) D:6            Lair (3/8) D:10
    Orc (0/4) D:9
  Swamp: Lair:3-6    Shoals: Lair:3-6     Snake: Lair:3-6    Spider: Lair:3-6

Altars:
Ashenzari
Cheibriados
Dithmenos
Elyvilon
Fedhas
Gozag
Kikubaaqudgha
Makhleb
Nemelex Xobeh
Okawaru
Qazlal
Ru
Sif Muna
Trog
Vehumet
Xom
Yredelemnul
Zin
The Shining One

Shops:
D:6 *%

Annotations:
D:10 karlkraus's ghost, powerful MiFi
Lair:1 1 exclusion


Innate Abilities, Weirdness & Mutations

You are resistant to torment.
Your stone body is resilient (AC +7).
You are immune to poison.
You resist negative energy.
You are resistant to electric shocks.
You can survive without breathing.
You are immune to petrification.
You are immune to rotting.


Message History

Ashenzari preserves the curse.
The five-headed hydra bites you. x2
The five-headed hydra closely misses you.
The five-headed hydra bites you. The five-headed hydra bites you!
The five-headed hydra completely misses you.
The five-headed hydra bites you!
* * * LOW HITPOINT WARNING * * *
The five-headed hydra bites you but does no damage.
The five-headed hydra bites you.
* * * LOW HITPOINT WARNING * * *
The five-headed hydra barely misses you.
Read which item? (? for menu, Esc to quit)
As you read the scroll labeled PYOVAF NOETRUO, it crumbles to dust.
You feel aware of your surroundings.
It was a scroll of magic mapping.
The five-headed hydra bites you.
* * * LOW HITPOINT WARNING * * *
The five-headed hydra bites you!
* * * LOW HITPOINT WARNING * * *
The five-headed hydra bites you!
You die...

....##P#.#.#..#....######.#P....#
...................P##.####......
.................................
.......................).........
#..............>.................
##..............................#
#...###..####.................#.
*##..###.#.#.#....###...#.#....##
* #...#.........@####....#.....##
* #..##......+...D........#....##
*##...#......#...P#..(...##....#.
*#...#......##............#.....#
*##..##..##..#...#.......##....##
*##...##.#####...##.#####.#......
##.....÷..........#####.##.......
P#...<...........................
.................................


You could see a five-headed hydra.

Vanquished Creatures
  Gastronok (Lair:1)
  A hydra (Lair:2)
  4 spiny frogs
  A komodo dragon (Lair:2)
  A basilisk (Lair:1)
  6 wolves (Lair:1)
  A wyvern (D:8)
  3 wargs (D:9)
  16 yaks
  4 hippogriffs
  2 porcupines
  3 water moccasins
  An ice beast (D:5)
  A black bear (D:8)
  A sky beast (D:8)
  5 ogres
  An orc warrior (D:7)
  An eye of draining (D:10)
  2 crocodiles
  A necrophage (D:6)
  4 centaurs
  10 giant frogs
  2 scorpions
  3 killer bees (D:7)
  3 wights (D:8)
  3 crimson imps
  A giant frog zombie (D:8)
  4 jellies
  7 hounds
  2 centaur zombies
  2 orc wizards
  A giant frog skeleton (D:8)
  2 orc priests
  6 iguanas
  7 worker ants
  A hound skeleton (D:9)
  8 adders
  4 gnolls
  36 river rats
  2 shadow imps (D:8)
  3 oozes
  An adder zombie (D:5)
  3 worms
  9 giant geckos
  27 orcs
  A ball python (D:3)
  A bat skeleton (D:6)
  4 giant cockroaches
  14 goblins
  15 hobgoblins
  14 jackals
  16 bats
  A giant gecko zombie (D:8)
  2 giant newts
  13 kobolds
  2 quokkas
  A quokka skeleton (D:9)
  A quokka zombie (D:3)
  19 rats
  A plant (D:10)
312 creatures vanquished.

Vanquished Creatures (others)
  5 fungi
  2 plants (Lair:1)
7 creatures vanquished.

Grand Total: 319 creatures vanquished

Notes
Turn   | Place    | Note
--------------------------------------------------------------
     0 | D:1      | Goblin1989 the Gargoyle Gladiator began the quest for the Orb.
     0 | D:1      | Reached XP level 1. HP: 12/12 MP: 1/1
   168 | D:1      | Reached XP level 2. HP: 17/17 MP: 2/2
   252 | D:1      | Reached skill level 4 in Staves
   554 | D:1      | Reached XP level 3. HP: 21/21 MP: 3/3
  1118 | D:2      | Reached XP level 4. HP: 23/26 MP: 4/4
  1232 | D:2      | Reached skill level 5 in Staves
  1483 | D:3      | Reached XP level 5. HP: 19/30 MP: 5/5
  1897 | D:3      | Reached skill level 6 in Staves
  2410 | D:4      | Reached XP level 6. HP: 32/35 MP: 6/6
  2736 | D:4      | Reached skill level 7 in Staves
  2895 | D:4      | Found a shimmering altar of Xom.
  3130 | D:5      | Entered Level 5 of the Dungeon
  3302 | D:5      | Reached skill level 8 in Staves
  3302 | D:5      | Reached XP level 7. HP: 4/40 MP: 7/7
  4255 | D:6      | Reached skill level 9 in Staves
  4267 | D:6      | HP: 1/40 [acid (5)]
  4576 | D:6      | Found an opulent altar of Gozag.
  4577 | D:6      | Found a stormy altar of Qazlal.
  4579 | D:6      | Found a basalt altar of Yredelemnul.
  4686 | D:6      | Reached XP level 8. HP: 33/44 MP: 8/8
  4747 | D:6      | Found a staircase to the Ecumenical Temple.
  4784 | Temple   | Entered the Ecumenical Temple
  4807 | Temple   | Became a worshipper of Ashenzari the Shackled
  5021 | D:6      | Found Laorasigi's Food Emporium.
  5228 | D:6      | Found Dioritio's General Store.
  5233 | D:6      | Bought a disc of storms for 200 gold pieces
  5627 | D:7      | Acquired Ashenzari's first power
  5657 | D:7      | Reached skill level 10 in Staves
  6337 | D:7      | Reached skill level 5 in Fighting
  6681 | D:7      | Reached XP level 9. HP: 30/55 MP: 9/9
  7863 | D:8      | Acquired Ashenzari's second power
  8524 | D:9      | Reached skill level 10 in Fighting
  8751 | D:9      | Reached skill level 1 in Armour
  8817 | D:9      | Found a staircase to the Orcish Mines.
  8956 | D:9      | Reached XP level 10. HP: 66/68 MP: 10/10
  9024 | D:9      | Reached skill level 5 in Armour
  9336 | D:10     | Entered Level 10 of the Dungeon
  9356 | D:10     | Found a staircase to the Lair.
  9525 | D:10     | Noticed karlkraus's ghost (powerful MiFi)
  9565 | Lair:1   | Entered Level 1 of the Lair of Beasts
  9952 | Lair:1   | Reached skill level 5 in Dodging
 10633 | Lair:1   | Noticed Gastronok
 10678 | Lair:1   | HP: 2/68 [crocodile (5)]
 10689 | Lair:1   | Killed Gastronok
 10689 | Lair:1   | Reached XP level 11. HP: 36/72 MP: 11/11
 11004 | Lair:1   | Acquired Ashenzari's third power
 11017 | Lair:1   | Found a stormy altar of Qazlal.
 11326 | Lair:2   | Noticed a four-headed hydra
 11350 | Lair:2   | Killed a four-headed hydra
 11540 | Lair:2   | Reached skill level 1 in Evocations
 12855 | Lair:3   | Reached skill level 5 in Throwing
 13140 | Lair:3   | Acquired Ashenzari's fourth power
 13282 | Lair:3   | Noticed a five-headed hydra
 13659 | Lair:3   | Slain by a five-headed hydra

Vault maps used:
D:1:      dpeg_arrival_fog
D:3:      first_bread
D:4:      xom_teletrap_fun
D:5:      minivault_27
D:6:      grunt_temple_overflow_open, temple_pool_a, serial_shops,
          nicolae_shop_behind_doors, nicolae_shop_trees
D:9:      minmay_orc_entry_guard_dogs
D:10:     minmay_curly_fans, due_lair_maze_entry_diamond, hangedman_tree_tricks,
          minmay_sticks_and_stones
Temple:   lightli_temple_of_artemis
Lair:1:   lemuel_centaur_altar, uniq_gastronok
Lair:2:   lemuel_fruit_tree
Lair:3:   serial_bayou, serial_bayou_pond_a, serial_bayou_ford_a,
          serial_bayou_shore_b, serial_bayou_pond_a

Action                   |  1- 3 |  4- 6 |  7- 9 | 10-12 || total
-------------------------+-------+-------+-------+-------++-------
Melee: Quarterstaff      |   137 |   283 |   517 |   650 ||  1587
Throw: Tomahawk          |       |     5 |    16 |       ||    21
       Throwing net      |       |     3 |     1 |       ||     4
Evoke: Wand              |       |       |       |    11 ||    11
  Use: Scroll            |       |       |     7 |     4 ||    11
       Potion            |       |       |       |     4 ||     4
 Stab: Held in net/web   |       |     2 |     1 |       ||     3
  Eat: Chunk             |     1 |     7 |     5 |     9 ||    22
       Bread ration      |       |       |     2 |       ||     2
       Meat ration       |       |       |     1 |       ||     1
       Beef jerky        |       |       |     1 |       ||     1
       Royal jelly       |       |       |       |     1 ||     1
       Fruit             |       |       |       |     2 ||     2
